 Dungeon Crawl Stone Soup version 0.23-a0-636-g0ff6057 (webtiles) character file.

138 galech the Chopper (level 5, -1/41 HPs)
             Began as a Demonspawn Fighter on Dec 28, 2018.
             Succumbed to Jessica's poison
             ... on level 2 of the Dungeon.
             The game lasted 00:02:04 (1580 turns).

galech the Chopper (Demonspawn Fighter)             Turns: 1580, Time: 00:02:05

Health: -1/41      AC: 15    Str: 20    XL:     5   Next: 1%
Magic:  5/5        EV:  8    Int: 14    God:
Gold:   98         SH: 10    Dex: 18    Spells: 4/4 levels left

rFire    . . .     SeeInvis .   a - +0 war axe
rCold    . . .     Gourm    .   c - +0 shield
rNeg     . . .     Faith    .   i - +0 plate armour
rPois    .         Spirit   .   q - +0 helmet
rElec    .         Reflect  .   (no cloak)
rCorr    .         Harm     .   (no gloves)
MR       .....                  (no boots)
Stlth    ..........             (no amulet)
HPRegen  0.13/turn              e - +3 ring of strength
MPRegen  0.09/turn              (no ring)

@: brilliant, agile, lethally poisoned (-1 -> -28), flying, slowed, very slow
A: claws 1, icy blue scales 2
a: no special abilities


You were on level 2 of the Dungeon.
You were not hungry.

You visited 1 branch of the dungeon, and saw 2 of its levels.

You collected 98 gold pieces.

Inventory:

Hand Weapons
 a - a +0 war axe (weapon)
 d - a +2 halberd of flaming
Armour
 c - a +0 shield (worn)
 i - a +0 plate armour (worn)
 q - a +0 helmet (worn)
Jewellery
 e - a +3 ring of strength (left claw)
 t - a cursed ring of teleportation {unknown}
Scrolls
 g - a scroll of identify {unknown}
 h - a scroll of enchant armour {unknown}
 l - a scroll of teleportation {unknown}
 m - 3 scrolls of remove curse {unknown}
 o - 2 scrolls of immolation {unknown}
 r - a scroll of blinking {unknown}
 s - a scroll of noise {unknown}
Potions
 b - a potion of agility
 p - a potion of resistance
Comestibles
 f - 5 rations
 j - 2 chunks of flesh


   Skills:
 + Level 3.4 Fighting
 + Level 3.4 Axes
 + Level 3.4 Armour
 + Level 3.2 Shields


You had 4 spell levels left.
You didn't know any spells.
Your spell library was empty.

Dungeon Overview and Level Annotations

Branches:
Dungeon (2/15)

Altars:
Elyvilon
Qazlal
Zin

Annotations:
D:2 Jessica


Innate Abilities, Weirdness & Mutations

You have sharp fingernails.
You are mostly covered in icy blue scales. (AC +3)


Message History

Jessica casts a spell.
Jessica blinks!
Jessica points at you and mumbles some strange words.
You barely resist.
It was a potion of agility.
You feel agile all of a sudden.
* * * LOW HITPOINT WARNING * * *
You feel very sick.
Jessica gestures wildly while chanting.
Jessica blinks!
It was a potion of flight.
You feel very buoyant.
You fly up into the air.
* * * LOW HITPOINT WARNING * * *
You feel very sick.
Jessica gestures wildly while chanting.
Jessica blinks!
It was a potion of brilliance.
You feel clever all of a sudden.
You die...

#...≈≈≈.........([..# #
#..≈≈≈≈≈........#...#
#..≈≈♣≈≈.......§......
#..≈≈≈≈≈.....@#.#..####
♣...≈≈≈...♣###.....#
♣♣.......♣♣ #....?#
♣♣.....♣♣ #?...#
♣♣...♣♣ #....#####
♣♣.....♣♣ #@...(...
♣♣.......♣♣ #.#.#####
### ♣...≈≈≈...♣ #.#.###
#.. ♣♣..≈≈≈≈≈..♣♣
#.#(.. ###
♣...≈≈_≈≈...♣ #.#.#
♣♣..≈≈≈≈≈.(♣♣ #.#..#
♣..†≈≈≈...♣ ####.#
♣♣.......♣♣ #.#.##
♣♣.....♣♣ #.##


You could see Jessica.

Vanquished Creatures
  Robin (D:2)
  A gnoll (D:1)
  6 adders (D:2)
  2 dart slugs
  A leopard gecko (D:2)
  5 bats
  2 giant cockroaches (D:1)
  15 goblins
  7 hobgoblins
  7 jackals
  3 kobolds
  A quokka (D:2)
  A frilled lizard (D:2)
  3 rats (D:1)
55 creatures vanquished.

Notes
Turn   | Place    | Note
-------+----------+-------------------------------------------
     0 | D:1      | galech the Demonspawn Fighter began the quest for the Orb.
     0 | D:1      | Reached XP level 1. HP: 18/18 MP: 1/1
   182 | D:1      | Gained mutation: You have sharp fingernails. [demonic
                  | ancestry]
   182 | D:1      | Reached XP level 2. HP: 7/24 MP: 2/2
   646 | D:1      | Gained mutation: You are partially covered in icy blue
                  | scales. (AC +2) [demonic ancestry]
   646 | D:1      | Reached XP level 3. HP: 27/29 MP: 3/3
   887 | D:2      | Found a glowing silver altar of Zin.
   952 | D:2      | Found a stormy altar of Qazlal.
   954 | D:2      | Noticed Robin
   973 | D:2      | Killed Robin
   973 | D:2      | Reached XP level 4. HP: 14/35 MP: 4/4
  1393 | D:2      | Found a white marble altar of Elyvilon.
  1523 | D:2      | Gained mutation: You are mostly covered in icy blue scales.
                  | (AC +3) [demonic ancestry]
  1523 | D:2      | Reached XP level 5. HP: 37/41 MP: 5/5
  1568 | D:2      | Noticed Jessica
  1579 | D:2      | HP: 2/41 [poisoned by Jessica]
  1580 | D:2      | Succumbed to Jessica's poison

Vault maps used:
D:1:      minmay_arrival_cross
D:2:      lemuel_round_altar, nicolae_overflow_crystal_walls,
          overflow_temple_1_default, corexii_item_surrounded_by_moat,
          elyvilon_altar_3, uniq_jessica, uniq_robin

Skill      XL: |  1  2  3  4 |
---------------+-------------+-----
Axes           | 2 3 |  3.4
Armour         | 3 |  3.4
Shields        | 3 |  3.2
Fighting       | |  3.4

Action                   |  1- 3 |  4- 6 || total
-------------------------+-------+-------++-------
Melee: War axe           |   103 |    85 ||   188
  Use: Potion            |     1 |     3 ||     4
  Eat: Chunk             |       |     3 ||     3
Armor: Scale mail        |    20 |       ||    20
       Plate armour      |    85 |    81 ||   166
Dodge: Dodged            |    27 |    15 ||    42
Block: Shield            |    73 |    61 ||   134

Table legend:
 A = Non-vault XP
 B = Vault XP
 C = Vault XP percentage of total XP
 D = Non-vault monster count
 E = Vault monster count
 F = Vault count percentage of total count
                 A         B        C        D         E       F
            +---------+---------+-------+---------+---------+-------
      Total |     159 |      39 |  19.7 |      42 |      13 |  23.6
            +---------+---------+-------+---------+---------+-------
        D:1 |      48 |       0 |   0.0 |      20 |       0 |   0.0
        D:2 |     111 |      39 |  26.0 |      22 |      13 |  37.1
            +---------+---------+-------+---------+---------+-------
